AoeStats
← 根本赢不了

Arabia

510240184Analyzed
1v1 RM · 1d ago on Sep 30, 2026· 33m 14s· 2 players
Game mode
Random Map
Map size
Tiny (2 player)
Population
200
Speed
Normal
Resources
Standard
Victory
Conquest
Starting age
Dark Age
Ending age
Imperial Age
RankedLock teamsTeams togetherTeam positionsShared explorationLock speedFull tech treeHidden civsTurbo modeCheats
Victory
Defeat
🇨🇳 Saxons · China
1279
+38
🇬🇹 Maya · Guatemala
1274
-16
[XEVER]_AlarconFalcon
0:25 Loom
9:52 Feudal Age
14:47 Double-Bit Axe
18:52 Fletching
20:15 Scale Mail Armor
21:08 Horse Collar
23:01 Forging
24:55 Padded Archer Armor
31:01 Castle Age
29:20 Gold Mining
29:20 Stone Mining
30:45 Wheelbarrow
31:06 Crossbowman
31:42 Bodkin Arrow
31:19 Eagle Warrior
根本赢不了
9:22 Feudal Age
10:01 Man-at-Arms
10:36 Double-Bit Axe
10:44 Arson
18:13 Fletching
19:06 Padded Archer Armor
20:20 Loom
27:19 Castle Age
25:46 Gold Mining
26:53 Horse Collar
27:37 Elite Skirmisher
29:05 Bow Saw
Connection lost

Rejoining the realm…

Still unreachable

The connection could not be restored.

Session expired

The server has moved on; the page needs a fresh start.